[Event "Titled Tuesday Blitz May 10 Late 2022"]
[White "Novikova, Galina"]
[Black "Aksu, Vedat Ali"]
[WhiteFideId "4157095"]
[BlackFideId "6304320"]
[WhiteElo "1863"]
[BlackElo "2215"]
[Result "0-1"]
[Round "11"]
[TimeControl "180+1"]
[Date "2022.05.11"]
[WhiteClock "0:00:03"]
[BlackClock "0:00:34"]

1. e4 c5 2. Nf3 e6 3. b4 b6 4. bxc5 bxc5 5. c3 Ba6 6. d3 Qc7 7. Be2 Nf6 8. O-O Be7 9. Bg5 c4 10. d4 Nxe4 11. Bxe7 Kxe7 12. Ne5 f6 13. Bf3 Bb7 14. Re1 Ng5 15. Bxb7 Qxb7 16. Nxc4 h5 17. Nbd2 Nc6 18. d5 Nd8 19. h4 Ngf7 20. dxe6 dxe6 21. Ne4 Qc7 22. Qe2 Rc8 23. Ne3 Ne5 24. Rad1 Kf7 25. c4 Nb7 26. Rc1 Nc5 27. Nxc5 Qxc5 28. Red1 Rc7 29. Rc2 g6 30. Rcd2 Re8 31. Rd4 Ree7 32. Qd2 Rcd7 33. Rxd7 Rxd7 34. Qe1 Rd4 35. Rc1 Rxh4 36. Qd2 Qc7 37. Qb2 Ng4 38. Nxg4 hxg4 39. g3 Rh5 40. Qb4 Qc6 41. c5 Rh1# 0-1


[Site "https://www.chess.com"]

[Event "Titled Tuesday Blitz May 10 Late 2022"]
[White "Papp, Levente"]
[Black "Kamsky, Gata"]
[WhiteFideId "751243"]
[BlackFideId "2000024"]
[WhiteElo "2308"]
[BlackElo "2645"]
[Result "0-1"]
[Round "11"]
[TimeControl "180+1"]
[Date "2022.05.10"]
[WhiteClock "0:00:02"]
[BlackClock "0:00:22"]

1. Nf3 Nf6 2. g3 g6 3. Bg2 Bg7 4. O-O O-O 5. b3 d5 6. Bb2 c6 7. c4 a5 8. cxd5 cxd5 9. Nc3 Nc6 10. d4 e6 11. Rc1 Re8 12. Nb5 Bf8 13. Ne5 Bd7 14. Nd3 Qb6 15. a4 Rec8 16. Nc5 Be8 17. e4 Nb4 18. e5 Nd7 19. Nd3 Rc6 20. Nxb4 Bxb4 21. Qe2 Rac8 22. h4 Nb8 23. Qd3 Na6 24. h5 Rxc1 25. Rxc1 Rxc1+ 26. Bxc1 Nc7 27. Nd6 Qc6 28. Bf4 b5 29. axb5 Nxb5 30. Nxe8 Qxe8 31. hxg6 hxg6 32. Bg5 Qc6 33. Bf1 Nc3 34. Qc2 Qb6 35. Be3 Kg7 36. Qd3 Ne4 37. Qc2 Nc3 38. Qd3 Ne4 39. Qc2 Bc3 40. Bd3 Bxd4 41. Bxe4 Bxe3 42. Bd3 Bd4 43. Qe2 Qc7 44. Kg2 Bxe5 45. f4 Bd4 46. Qf3 Qc3 47. g4 Qxb3 48. f5 Qb2+ 49. Kh3 Be5 50. Be2 g5 51. fxe6 fxe6 52. Kg2 Bf4 53. Qd3 Qd2 54. Qa6 Kf6 55. Kf1 Qc1+ 56. Kg2 Qe3 57. Kf1 Bg3 0-1


[Site "https://www.chess.com"]

[Event "Titled Tuesday Blitz May 10 Late 2022"]
[White "Petrovic, Aleksa"]
[Black "Simonovic, Miroslav"]
[WhiteFideId "967629"]
[BlackFideId "919152"]
[WhiteElo "2144"]
[BlackElo "2043"]
[Result "1-0"]
[Round "11"]
[TimeControl "180+1"]
[Date "2022.05.11"]
[WhiteClock "0:00:02"]
[BlackClock "0:00:01"]

1. d4 Nf6 2. c4 c5 3. d5 b5 4. cxb5 a6 5. e3 axb5 6. Bxb5 Qa5+ 7. Nc3 Bb7 8. Bd2 Qb6 9. Nf3 Nxd5 10. a4 Nf6 11. O-O e6 12. Ne5 Nc6 13. Nc4 Qc7 14. e4 Nxe4 15. Nxe4 d5 16. Qc1 dxc4 17. Bf4 e5 18. Bh6 gxh6 19. Rd1 Bg7 20. Nxc5 Rd8 21. Nxb7 Rxd1+ 22. Qxd1 Qxb7 23. Qf3 O-O 24. Qxc6 Qxc6 25. Bxc6 e4 26. Rb1 c3 27. bxc3 Bxc3 28. Bxe4 f5 29. Bd5+ Kg7 30. Rb7+ Kf6 31. Rxh7 Kg6 32. Rb7 Rd8 33. Rb6+ Kg5 34. Bf3 Rd4 35. Rb3 1-0


[Site "https://www.chess.com"]

[Event "Titled Tuesday Blitz May 10 Late 2022"]
[White "Petrovskyi, Vadym"]
[Black "Ibarra Jerez, Jose Carlos"]
[WhiteFideId "14165210"]
[BlackFideId "2226332"]
[WhiteElo "2400"]
[BlackElo "2626"]
[Result "1-0"]
[Round "11"]
[TimeControl "180+1"]
[Date "2022.05.10"]
[WhiteClock "0:00:50"]
[BlackClock "0:00:01"]

1. e4 c5 2. Nf3 e6 3. d4 cxd4 4. Nxd4 Qb6 5. Nb3 Qc7 6. Bd3 Nf6 7. O-O d5 8. Nc3 dxe4 9. Nxe4 Nbd7 10. Re1 Be7 11. Bg5 O-O 12. Qf3 h6 13. Bf4 Qb6 14. Rad1 Nd5 15. Bd2 Ne5 16. Qg3 Ng6 17. c4 Bh4 18. Qf3 Ne5 19. Qh3 Nxd3 20. Qxd3 Nf6 21. c5 Qc6 22. Na5 Qd5 23. Qf3 Nxe4 24. Rxe4 Be7 25. Bxh6 Qxc5 26. Qg3 Bf6 27. Bxg7 Bxg7 28. Rg4 Qh5 29. Rxg7+ Kh8 30. Rd4 e5 31. Rh4 Qxh4 32. Qxh4+ Kxg7 33. Qg5+ Kh7 34. Nc4 f6 35. Qh4+ Kg7 36. Qg3+ Kh7 37. Qd3+ Kg7 38. Nd6 Rd8 39. Qd5 Rd7 40. h4 Kf8 41. h5 Ke7 42. Nf5+ Kd8 43. Qg8+ Kc7 44. h6 Rd1+ 45. Kh2 Bxf5 46. Qxa8 Rd4 47. Qf8 Rh4+ 48. Kg1 Bd7 49. Qxf6 Rh5 50. f3 b6 51. g4 Rh3 52. Qxe5+ Kc6 53. Kg2 Rh4 54. Qf6+ 1-0


[Site "https://www.chess.com"]

[Event "Titled Tuesday Blitz May 10 Late 2022"]
[White "Prieto Aranguren, Alain"]
[Black "Sabar, Ethmane Daouda"]
[WhiteFideId "2268906"]
[BlackFideId "19600097"]
[WhiteElo "2235"]
[BlackElo "1950"]
[Result "1-0"]
[Round "11"]
[TimeControl "180+1"]
[Date "2022.05.11"]
[WhiteClock "0:00:16"]
[BlackClock "0:00:05"]

1. e4 c5 2. c3 Nf6 3. Bd3 Nc6 4. Bc2 e5 5. Qf3 d6 6. Nh3 Bg4 7. Qg3 h5 8. f3 h4 9. Qf2 Be6 10. Ng5 Qd7 11. Nxe6 Qxe6 12. Bb3 Qd7 13. d3 Be7 14. Bg5 Ng8 15. Be3 O-O-O 16. Na3 f5 17. Nc4 f4 18. Bd2 Nf6 19. a4 Nh5 20. a5 Ng3 21. hxg3 hxg3 22. Qg1 g5 23. O-O-O g4 24. Qf1 gxf3 25. Qxf3 Qc7 26. Qg4+ Kb8 27. Qe6 b5 28. axb6 axb6 29. Ba4 Rxh1 30. Rxh1 Bf8 31. Rh8 Na7 32. Qf6 Be7 33. Rxd8+ Qxd8 34. Qf7 b5 35. Nxe5 dxe5 36. Bb3 Nc6 37. Bd5 Na5 38. Qe6 Bd6 39. c4 b4 40. Qf7 Qb6 41. Qd7 Bc7 42. Kc2 b3+ 43. Kc1 Nb7 44. Qe8+ Bd8 45. Bc3 Qa6 46. Bxe5+ Ka7 47. Kd2 Ba5+ 48. Ke2 Qb6 49. Bb8+ Ka6 50. Bc6 Qb4 51. Bb5+ Kb6 52. Qe6+ Nd6 53. Qxd6+ Kb7 54. Kf3 Qd2 55. Ba6+ Ka8 56. Qc6+ Kxb8 57. Qb7# 1-0


[Site "https://www.chess.com"]

[Event "Titled Tuesday Blitz May 10 Late 2022"]
[White "Prohorov, Olexandr"]
[Black "Wieczorek, Oskar"]
[WhiteFideId "14105578"]
[BlackFideId "1133950"]
[WhiteElo "2495"]
[BlackElo "2609"]
[Result "0-1"]
[Round "11"]
[TimeControl "180+1"]
[Date "2022.05.11"]
[WhiteClock "0:00:04"]
[BlackClock "0:00:03"]

1. e4 c6 2. d4 d5 3. e5 Bf5 4. Nf3 e6 5. Be2 Nd7 6. O-O h6 7. Be3 Ne7 8. Ne1 c5 9. c4 dxc4 10. Nc3 cxd4 11. Qxd4 Nc6 12. Qxc4 Ndxe5 13. Qb3 Be7 14. Nf3 O-O 15. Nxe5 Nxe5 16. Qxb7 Bf6 17. Rfd1 Qb8 18. Qa6 Qxb2 19. Na4 Qc2 20. Rdc1 Qe4 21. Nc5 Qb4 22. a3 Qb6 23. Ne4 Qxa6 24. Nxf6+ gxf6 25. Bxa6 Bd3 26. Bxd3 Nxd3 27. Rc3 Rfd8 28. Bxh6 Rac8 29. Rxc8 Rxc8 30. Kf1 Rc2 31. Be3 a6 32. Rd1 Rc3 33. Ke2 Nb2 34. Rd2 Nc4 35. Rd8+ Kg7 36. Rc8 e5 37. a4 f5 38. g3 Kf6 39. Rc6+ Ke7 40. Rxa6 e4 41. Bc5+ Kd7 42. Ra7+ Kc6 43. Bd4 Rc2+ 44. Ke1 Kd5 45. Rd7+ Ke6 46. Rd8 Ra2 47. Ra8 Kd5 48. Bc3 e3 49. fxe3 Nxe3 50. a5 Ke4 51. Re8+ Kd3 0-1


[Site "https://www.chess.com"]

[Event "Titled Tuesday Blitz May 10 Late 2022"]
[White "Przybylski, Wojciech"]
[Black "Gatterer, Florian"]
[WhiteFideId "1117599"]
[BlackFideId "811688"]
[WhiteElo "2133"]
[BlackElo "2218"]
[Result "1-0"]
[Round "11"]
[TimeControl "180+1"]
[Date "2022.05.11"]
[WhiteClock "0:00:05"]
[BlackClock "0:00:01"]

1. d4 d5 2. c4 c6 3. Nf3 Nf6 4. e3 Bg4 5. Nc3 e6 6. Qb3 Qb6 7. c5 Qc7 8. Ne5 Bf5 9. f4 Nbd7 10. Be2 Nxe5 11. fxe5 Ne4 12. O-O Be7 13. Qd1 O-O 14. Bd2 f6 15. exf6 Bxf6 16. Nxe4 Bxe4 17. Bf3 Bxf3 18. Rxf3 e5 19. Be1 exd4 20. exd4 Rae8 21. Bg3 Qd7 22. Qd3 Re4 23. Bf2 Rfe8 24. h3 Qe6 25. Rd1 a6 26. b4 Re2 27. Rd2 Rxd2 28. Qxd2 Qe4 29. a4 h6 30. Re3 Qb1+ 31. Kh2 Rxe3 32. Bxe3 Qb3 33. a5 Qb1 34. Bf4 Qe4 35. Be3 Kf7 36. Qf2 Ke6 37. Qg3 Kf5 38. Qf2+ Kg6 39. g4 h5 40. g5 Bxg5 41. Bxg5 Kxg5 42. Qg3+ Kh6 43. Qf2 Kg6 44. h4 Qf5 45. Qg3+ Kh7 46. Qe3 Qg4 47. Qf2 Kg6 48. Kh1 Kh7 49. Kh2 Qg6 50. Qf4 Qc2+ 51. Kg3 Qd3+ 52. Kg2 Qc2+ 53. Kf3 Qd3+ 54. Kf2 Qc2+ 55. Ke1 Qb1+ 56. Ke2 Qc2+ 57. Ke3 Qg6 58. Qc7 Qe4+ 59. Kf2 Qxd4+ 60. Kg2 Qe4+ 61. Kg3 Qe3+ 62. Kg2 Qe4+ 63. Kf2 d4 64. Qf7 Qe3+ 65. Kg2 d3 66. Qxh5+ Kg8 67. Qf5 d2 68. Qc8+ Kf7 69. Qd7+ Kg6 70. Qg4+ Kf6 71. Qd7 Qe2+ 72. Kg3 d1=Q 73. Qd8+ 1-0


[Site "https://www.chess.com"]

[Event "Titled Tuesday Blitz May 10 Late 2022"]
[White "Qashashvili, Alexandre"]
[Black "Sanchez Alvares, Kelvin Antonio"]
[WhiteFideId "13600842"]
[BlackFideId "3906680"]
[WhiteElo "2316"]
[BlackElo "2193"]
[Result "0-1"]
[Round "11"]
[TimeControl "180+1"]
[Date "2022.05.11"]
[WhiteClock "0:00:02"]
[BlackClock "0:00:20"]

1. e4 c5 2. Nc3 Nc6 3. Nf3 g6 4. d3 Bg7 5. Be3 d6 6. Qd2 Nd4 7. Be2 Rb8 8. a4 a6 9. Bd1 b5 10. axb5 axb5 11. Rb1 b4 12. Ne2 Nxf3+ 13. gxf3 Nf6 14. Bh6 O-O 15. h4 e5 16. h5 Nxh5 17. Bxg7 Kxg7 18. f4 f6 19. f5 d5 20. Ng3 Nf4 21. Ne2 g5 22. Nxf4 exf4 23. Qe2 dxe4 24. Qh5 Bxf5 25. Bg4 Bg6 26. Qh6+ Kg8 27. Be6+ Rf7 28. dxe4 Qe7 29. Bxf7+ Kxf7 30. f3 f5 31. O-O fxe4 32. fxe4 Kg8 33. Rbd1 Rd8 34. Qh3 Rxd1 35. Rxd1 Qxe4 36. Rd8+ Kg7 37. Rd7+ Bf7 38. Qh5 Qe3+ 39. Kh1 Qe1+ 40. Kh2 Qh4+ 41. Qxh4 gxh4 42. Kh3 Kf6 43. Kxh4 h5 44. Rc7 c4 45. Kh3 b3 46. cxb3 cxb3 47. Kg2 Bd5+ 48. Kf2 h4 49. Rh7 Kg5 50. Rg7+ Kf5 51. Rh7 Kg4 52. Rg7+ Kh3 53. Rf7 Kg4 54. Rg7+ Kf5 55. Rh7 Ke4 56. Rxh4 Bc4 0-1


[Site "https://www.chess.com"]

[Event "Titled Tuesday Blitz May 10 Late 2022"]
[White "Ricaurte Lopez, Juan Carlos"]
[Black "Castellanos Hernandez, Emilio Au"]
[WhiteFideId "3600327"]
[BlackFideId "5114179"]
[WhiteElo "2209"]
[BlackElo "2021"]
[Result "1-0"]
[Round "11"]
[TimeControl "180+1"]
[Date "2022.05.11"]
[WhiteClock "0:00:58"]
[BlackClock "0:01:38"]

1. e4 c5 2. Nf3 Nc6 3. d4 cxd4 4. Nxd4 Nf6 5. Nc3 g6 6. f4 Bg7 7. e5 Ng8 8. Bc4 e6 9. Ndb5 Bf8 10. O-O a6 11. Nd6+ Bxd6 12. Qxd6 Nge7 13. Ne4 O-O 14. Nf6+ Kg7 15. g4 b5 16. Be2 Qb6+ 17. Rf2 Qd4 18. Qxd4 Nxd4 19. c3 Ndc6 20. Be3 d5 21. exd6 Kxf6 22. dxe7 Nxe7 23. Bd4+ e5 24. Bxe5+ Ke6 25. Bf3 Ra7 26. Re1 Kd7 27. Rd2+ Ke8 28. Bf6 Be6 29. f5 gxf5 30. gxf5 Bxf5 31. Bc6+ Bd7 32. Rxe7+ Kd8 33. Rexd7+ Kc8 34. Rxa7 Rg8+ 35. Kf2 1-0


[Site "https://www.chess.com"]

[Event "Titled Tuesday Blitz May 10 Late 2022"]
[White "Riehle, Marco"]
[Black "Suleymanli, Aydin"]
[WhiteFideId "12904392"]
[BlackFideId "13413937"]
[WhiteElo "2462"]
[BlackElo "2481"]
[Result "0-1"]
[Round "11"]
[TimeControl "180+1"]
[Date "2022.05.10"]
[WhiteClock "0:00:04"]
[BlackClock "0:00:49"]

1. e4 c5 2. a3 e6 3. b4 d5 4. exd5 exd5 5. Nf3 Nf6 6. Bb5+ Bd7 7. Bxd7+ Nbxd7 8. O-O Be7 9. c3 O-O 10. d3 Re8 11. Re1 Bd6 12. Bg5 Rxe1+ 13. Qxe1 Qc7 14. Nbd2 Re8 15. Qd1 cxb4 16. cxb4 Qc3 17. Nf1 Ng4 18. Ne3 h5 19. Nxd5 Qb2 20. Be3 Rxe3 21. fxe3 Bxh2+ 22. Nxh2 Qf2+ 23. Kh1 Qh4 24. Qg1 Nf2+ 25. Qxf2 Qxf2 26. d4 Kh7 27. Rf1 Qa2 28. Nf4 Nf6 29. d5 Nxd5 30. Nxd5 Qxd5 31. Nf3 f6 32. Rc1 Qd3 33. Rc7 Qxa3 34. Rxb7 Qxe3 35. Rd7 h4 36. Rd1 h3 37. Rd2 g5 38. Rd7+ Kg6 39. Ng1 g4 40. Rd1 Qe4 41. Rd2 h2 42. Ne2 g3 43. Rb2 Qe5 44. Ra2 a6 45. b5 axb5 46. Ra6 b4 47. Nxg3 b3 48. Rb6 b2 49. Kxh2 Kg5 50. Rb4 f5 51. Kh3 Qh8+ 52. Nh5 Qxh5+ 53. Kg3 Qe2 54. Kh2 Qc2 55. Rxb2 Qxb2 56. Kh3 f4 57. Kh2 f3 0-1


[Site "https://www.chess.com"]

[Event "Titled Tuesday Blitz May 10 Late 2022"]
[White "Romero Ruscalleda, Josep"]
[Black "Remolar Gallen, Jose"]
[WhiteFideId "2231859"]
[BlackFideId "2215187"]
[WhiteElo "2315"]
[BlackElo "2205"]
[Result "0-1"]
[Round "11"]
[TimeControl "180+1"]
[Date "2022.05.11"]
[WhiteClock "0:00:02"]
[BlackClock "0:00:05"]

1. e4 c5 2. c3 g6 3. d4 cxd4 4. cxd4 d5 5. Nc3 dxe4 6. Bc4 Nc6 7. Qb3 e6 8. d5 Nd4 9. Qd1 Bg7 10. Be3 e5 11. Nxe4 Bf5 12. Qa4+ Kf8 13. Bxd4 exd4 14. Ng3 Ne7 15. Nxf5 Nxf5 16. Ne2 h5 17. O-O Kg8 18. Rfd1 Kh7 19. Qb3 Rb8 20. Bd3 Re8 21. Rac1 Qg5 22. Bxf5 Rxe2 23. Bd3 Re5 24. Bc4 Rbe8 25. h3 Bh6 26. Rb1 Qf4 27. Qxb7 R8e7 28. Qb3 Rg5 29. Bf1 Re3 30. fxe3 dxe3 31. Qd3 Qf2+ 32. Kh1 Rg3 33. Qe2 Qf4 34. Rd3 Qd6 35. Rbd1 Bf4 0-1


[Site "https://www.chess.com"]

[Event "Titled Tuesday Blitz May 10 Late 2022"]
[White "Rustemov, Alexander"]
[Black "Peralta, Eduardo"]
[WhiteFideId "4119002"]
[BlackFideId "3700062"]
[WhiteElo "2757"]
[BlackElo "2125"]
[Result "1-0"]
[Round "11"]
[TimeControl "180+1"]
[Date "2022.05.10"]
[WhiteClock "0:00:18"]
[BlackClock "0:00:18"]

1. d4 Nf6 2. c4 c5 3. Nf3 cxd4 4. Nxd4 g6 5. g3 Bg7 6. Bg2 O-O 7. O-O Nc6 8. Nc3 Ng4 9. e3 d6 10. b3 Bd7 11. Bb2 Nxd4 12. exd4 Rb8 13. Qd2 h5 14. Rfe1 h4 15. h3 Bh6 16. Qe2 Nf6 17. Qxe7 hxg3 18. fxg3 Be6 19. Qxd8 Rfxd8 20. Rad1 d5 21. c5 b6 22. Bc1 Bxc1 23. Rxc1 bxc5 24. dxc5 d4 25. c6 Rbc8 26. Nb5 d3 27. Red1 a6 28. c7 axb5 29. cxd8=Q+ Rxd8 30. Rc3 d2 31. Rc2 Nh5 32. Kf2 Rd6 33. Rcxd2 Ra6 34. Rd8+ Kg7 35. Ra8 Rb6 36. Rd4 Nf6 37. g4 Nd7 38. Bf3 Ne5 39. Be2 Nc6 40. Rd6 Kf6 41. Bf3 Rb8 42. Rxc6 Rxa8 43. Rxe6+ Kxe6 44. Bxa8 b4 45. h4 f6 46. Kg3 Ke5 47. h5 gxh5 48. gxh5 f5 49. Bf3 Kf6 50. Kf4 Ke6 51. Kg5 Kf7 52. Kxf5 Kg7 53. Ke4 Kh6 54. Kd4 Kg5 55. Kc4 Kf4 56. Bd1 Ke3 57. Kxb4 Kd2 58. Bg4 Kc1 59. h6 Kb2 60. h7 Ka1 61. h8=Q+ Kb1 62. Bf5+ Kc1 63. Qc3+ Kd1 64. Qc2+ Ke1 65. Kc3 Kf1 66. Kd3 Kg1 67. Ke3 Kh1 68. Kf3 1-0


[Site "https://www.chess.com"]

[Event "Titled Tuesday Blitz May 10 Late 2022"]
[White "Sargsyan, Anna M."]
[Black "Dimakiling, Oliver"]
[WhiteFideId "13308130"]
[BlackFideId "5202248"]
[WhiteElo "2271"]
[BlackElo "2426"]
[Result "0-1"]
[Round "11"]
[TimeControl "180+1"]
[Date "2022.05.10"]
[WhiteClock "0:00:03"]
[BlackClock "0:01:20"]

1. d4 Nf6 2. c4 d6 3. g3 Bf5 4. Bg2 c6 5. Nc3 e5 6. e4 Bg6 7. Nge2 Be7 8. O-O O-O 9. f4 exf4 10. gxf4 Bh5 11. Qe1 Re8 12. Ng3 Bf8 13. Be3 Bg4 14. f5 Nh5 15. h3 Nxg3 16. Qxg3 Bh5 17. Rae1 f6 18. Kh1 Nd7 19. Bf4 Qe7 20. Rg1 a5 21. Qh4 Bf7 22. Bf3 Bxc4 23. Rg2 d5 24. b3 dxe4 25. Rxe4 Qf7 26. bxc4 Qxc4 27. Qe1 Rxe4 28. Nxe4 Re8 29. Qd2 Qf1+ 30. Kh2 Qxf3 31. Ng3 Nb6 32. Rf2 Qd5 33. Bc7 Nc4 34. Qd1 Ne3 35. Qd3 c5 36. Qb5 Qc6 37. Qxa5 cxd4 38. Bf4 Nd5 39. Nh5 Nxf4 40. Nxf4 Bd6 0-1


[Site "https://www.chess.com"]

[Event "Titled Tuesday Blitz May 10 Late 2022"]
[White "Sharbaf, Mohsen"]
[Black "Bifulco, Michel"]
[WhiteFideId "12501808"]
[BlackFideId "828580"]
[WhiteElo "2187"]
[BlackElo "2165"]
[Result "1-0"]
[Round "11"]
[TimeControl "180+1"]
[Date "2022.05.11"]
[WhiteClock "0:01:55"]
[BlackClock "0:01:26"]

1. c4 Nf6 2. Nc3 g6 3. g3 Bg7 4. Bg2 d6 5. Nf3 O-O 6. O-O e5 7. d3 c6 8. Bg5 h6 9. Bxf6 Qxf6 10. Rb1 Rd8 11. Nd2 Be6 12. e4 Qe7 13. b4 f5 14. b5 Rf8 15. bxc6 bxc6 16. c5 dxc5 17. exf5 gxf5 18. Nc4 Bd5 19. Nxd5 cxd5 20. Bxd5+ Kh8 21. Bxa8 f4 22. Bg2 Nd7 23. Rb7 Qe6 24. Qh5 Nf6 25. Qg6 Rg8 26. Be4 f3 27. Bxf3 Bf8 28. Rh7+ Nxh7 29. Qxe6 1-0


[Site "https://www.chess.com"]

[Event "Titled Tuesday Blitz May 10 Late 2022"]
[White "Souleidis, Georgios"]
[Black "Baches Garcia, Guillermo"]
[WhiteFideId "4206827"]
[BlackFideId "2209764"]
[WhiteElo "2401"]
[BlackElo "2507"]
[Result "1-0"]
[Round "11"]
[TimeControl "180+1"]
[Date "2022.05.11"]
[WhiteClock "0:00:56"]
[BlackClock "0:00:39"]

1. e4 c5 2. Be2 Nc6 3. d3 g6 4. f4 Bg7 5. Nf3 d6 6. O-O e5 7. fxe5 dxe5 8. c4 Nge7 9. Nc3 O-O 10. Bg5 f6 11. Be3 Nd4 12. Rc1 Be6 13. Nd5 b6 14. Nxd4 cxd4 15. Bd2 Kh8 16. Bb4 Bxd5 17. cxd5 Qd7 18. Qb3 Rac8 19. Qa3 Rce8 20. Bd1 Rf7 21. Qa6 Rc8 22. Ba4 Qg4 23. Bxe7 Rxc1 24. Rxc1 Bh6 25. Qc8+ Kg7 26. Qxg4 1-0


[Site "https://www.chess.com"]

[Event "Titled Tuesday Blitz May 10 Late 2022"]
[White "Srinath, Rao S.V."]
[Black "Lewtak, Damian"]
[WhiteFideId "5028876"]
[BlackFideId "1141724"]
[WhiteElo "2181"]
[BlackElo "2362"]
[Result "1-0"]
[Round "11"]
[TimeControl "180+1"]
[Date "2022.05.10"]
[WhiteClock "0:01:28"]
[BlackClock "0:01:38"]

1. c4 g6 2. Nc3 Bg7 3. Nf3 d6 4. g3 e5 5. Bg2 f5 6. d3 Nf6 7. O-O O-O 8. Rb1 Nc6 9. Bd2 a5 10. a3 Nh5 11. b4 axb4 12. axb4 f4 13. b5 Ne7 14. Ne1 h6 15. Nc2 g5 16. b6 c6 17. e3 Qe8 18. Ne4 d5 19. cxd5 cxd5 20. Nd6 Qg6 21. Nxc8 Rfxc8 22. Bb4 Nc6 23. Bxd5+ Kh8 24. Be4 Qf7 25. Bf3 Nf6 26. Bc5 h5 27. d4 g4 28. Bxc6 Rxc6 29. dxe5 Rxc5 30. exf6 Bxf6 31. exf4 Rd8 32. Qe2 Re8 33. Qd3 Rd8 34. Qe4 Re8 35. Qa4 Rc4 36. Qb3 Qd5 37. Ne3 Rxe3 38. Qxe3 Bd4 39. Qe8+ Kg7 40. Rbe1 Bf6 41. Qe6 Qd8 42. Qxc4 1-0


[Site "https://www.chess.com"]

[Event "Titled Tuesday Blitz May 10 Late 2022"]
[White "Stanisz, Patryk"]
[Black "Butti, Enrique"]
[WhiteFideId "1123106"]
[BlackFideId "3700470"]
[WhiteElo "1833"]
[BlackElo "2080"]
[Result "1-0"]
[Round "11"]
[TimeControl "180+1"]
[Date "2022.05.11"]
[WhiteClock "0:01:05"]
[BlackClock "0:00:28"]

1. Nf3 c5 2. g3 Nc6 3. Bg2 d5 4. O-O Nf6 5. d3 e6 6. Nbd2 Be7 7. e4 O-O 8. c3 b5 9. Qe2 a5 10. h4 Ba6 11. b3 c4 12. bxc4 bxc4 13. d4 a4 14. Re1 Re8 15. e5 Nd7 16. h5 Qa5 17. Qe3 a3 18. h6 g6 19. Nh2 Na7 20. Ndf1 Nb5 21. Bd2 Qa4 22. Rac1 Rab8 23. f4 Bf8 24. Ng4 Na7 25. Nfh2 Nc6 26. Nf3 Na5 27. Ng5 Nb3 28. Rcd1 Nxd2 29. Rxd2 Rb2 30. Bf3 Reb8 31. Bd1 Qa5 32. Ree2 Rb1 33. Kg2 Nb6 34. Nf6+ Kh8 35. Nxf7# 1-0


[Site "https://www.chess.com"]

[Event "Titled Tuesday Blitz May 10 Late 2022"]
[White "Stremavicius, Titas"]
[Black "Erdogdu, Mert"]
[WhiteFideId "12804444"]
[BlackFideId "6301495"]
[WhiteElo "2404"]
[BlackElo "2451"]
[Result "1-0"]
[Round "11"]
[TimeControl "180+1"]
[Date "2022.05.10"]
[WhiteClock "0:00:08"]
[BlackClock "0:00:09"]

1. c4 e6 2. g3 d5 3. Nf3 Nf6 4. Bg2 c5 5. cxd5 exd5 6. d4 Nc6 7. O-O Be7 8. Nc3 O-O 9. dxc5 Bxc5 10. Bg5 d4 11. Ne4 Be7 12. Ned2 h6 13. Bxf6 Bxf6 14. Rc1 Re8 15. Nb3 Bg4 16. h3 Bf5 17. Nc5 Qb6 18. b3 Rad8 19. Ne1 d3 20. Nexd3 Nd4 21. Re1 Be7 22. Nxb7 Nxe2+ 23. Qxe2 Rxd3 24. Qe5 Bd7 25. Qa5 Kf8 26. Red1 Rxd1+ 27. Rxd1 Bc8 28. h4 Bb4 29. Qxb6 axb6 30. Nd8 Bg4 31. Rd4 Bc5 32. Rd2 Re1+ 33. Kh2 h5 34. b4 Bxb4 35. Rb2 Bc5 36. Nb7 Bd4 37. Rd2 Rd1 38. Rc2 g6 39. Bh3 Bf3 40. Bg2 Bg4 41. Bh3 Bxh3 42. Kxh3 Ke7 43. Rc7+ Ke6 44. Nd8+ Kd5 45. Rxf7 Rd2 46. Kg2 Rxa2 47. Rd7+ Kc4 48. Ne6 Bxf2 49. Kf3 b5 50. Rc7+ Kd5 51. Nf4+ Kd6 52. Rc3 Bd4 53. Rd3 Ke5 54. Nxg6+ Kd5 55. Nf4+ Kc4 56. Ke4 Bc3 57. Rd8 b4 58. Rc8+ Kb3 59. Nxh5 Re2+ 60. Kf3 Rd2 61. Nf4 Kc2 62. Ne2 Rd3+ 63. Ke4 Rd2 64. Ke3 Rd3+ 65. Ke4 Rd7 66. g4 Re7+ 67. Kf3 Rf7+ 68. Kg2 Kd3 69. Nc1+ Kd2 70. Nb3+ Kc2 71. Nc5 b3 72. Ne4 b2 73. Nxc3 Rf8 74. Rc5 Rd8 75. Na4+ Kb3 76. Nxb2 Kxb2 77. h5 Kb3 78. Kg3 Kb4 79. Rc1 Rd3+ 80. Kh4 Rc3 81. Rxc3 Kxc3 82. h6 1-0


[Site "https://www.chess.com"]

[Event "Titled Tuesday Blitz May 10 Late 2022"]
[White "Svane, Frederik"]
[Black "Dreev, Aleksey"]
[WhiteFideId "12923044"]
[BlackFideId "4100107"]
[WhiteElo "2459"]
[BlackElo "2625"]
[Result "1/2-1/2"]
[Round "11"]
[TimeControl "180+1"]
[Date "2022.05.10"]
[WhiteClock "0:00:04"]
[BlackClock "0:00:03"]

1. e4 c6 2. Nf3 d5 3. exd5 cxd5 4. d4 Nc6 5. c3 Nf6 6. Ne5 a6 7. Bd3 e6 8. O-O Bd6 9. f4 Ne7 10. Nd2 b6 11. Qe2 Bb7 12. a4 O-O 13. Rf3 Nf5 14. Rh3 h5 15. Ndf3 g6 16. Ng5 Qe7 17. Bd2 Kg7 18. Kh1 b5 19. axb5 axb5 20. Rxa8 Bxa8 21. Bxb5 Ne4 22. Bd3 Bxe5 23. Bxe4 dxe4 24. fxe5 e3 25. Bxe3 Bc6 26. Bf4 Ra8 27. Rd3 Bb5 28. Qf3 Qb7 29. Rd1 Bc6 30. Qf2 Ra2 31. Bc1 Ra1 32. Rg1 h4 33. Nh3 Qb5 34. Bg5 Rxg1+ 35. Nxg1 Qd3 36. Bf4 h3 37. Nxh3 Qxh3 38. Kg1 Qg4 39. h3 Qd1+ 40. Kh2 Qd3 41. Bg5 Qe4 42. Bf4 Kg8 43. Bg5 Qd3 44. Bf4 Qe4 45. Bg5 Ng7 46. Bf6 Nh5 47. Bg5 Kg7 48. Be3 Kg8 49. Bg5 Ng7 50. Bf6 Nf5 51. Bg5 1/2-1/2


[Site "https://www.chess.com"]

[Event "Titled Tuesday Blitz May 10 Late 2022"]
[White "Tanenbaum, Zachary"]
[Black "Vusatiuk, Vladimir"]
[WhiteFideId "2060850"]
[BlackFideId "14118610"]
[WhiteElo "2674"]
[BlackElo "2525"]
[Result "0-1"]
[Round "11"]
[TimeControl "180+1"]
[Date "2022.05.11"]
[WhiteClock "0:00:01"]
[BlackClock "0:00:28"]

1. e4 c5 2. Nf3 d6 3. d4 cxd4 4. Nxd4 Nf6 5. Nc3 Nc6 6. Bg5 Bd7 7. Bxf6 gxf6 8. Qd2 Qa5 9. O-O-O Rc8 10. Kb1 Nxd4 11. Qxd4 Qc5 12. Qd2 h5 13. f4 Bh6 14. Bd3 b5 15. g3 b4 16. Nd5 f5 17. Rhe1 a5 18. Qe2 Kd8 19. Ba6 Ra8 20. exf5 Re8 21. Nxe7 Bg7 22. Bc4 Bf6 23. Qd3 Rxe7 24. Rxe7 Bxe7 25. Bxf7 Bxf5 26. Qe2 Rc8 27. Rd2 Qg1+ 28. Rd1 Rxc2 29. Rxg1 Rxe2+ 30. Ka1 Bf6 31. a4 Rxb2 0-1


[Site "https://www.chess.com"]

[Event "Titled Tuesday Blitz May 10 Late 2022"]
[White "Vajda, Levente"]
[Black "Pranav, V"]
[WhiteFideId "1203975"]
[BlackFideId "25060783"]
[WhiteElo "2573"]
[BlackElo "2349"]
[Result "0-1"]
[Round "11"]
[TimeControl "180+1"]
[Date "2022.05.10"]
[WhiteClock "0:00:19"]
[BlackClock "0:01:22"]

1. e4 e5 2. Nf3 Nc6 3. Bc4 Nf6 4. d3 Be7 5. O-O O-O 6. Nc3 d6 7. h3 Na5 8. Bb3 Nxb3 9. axb3 c5 10. Re1 h6 11. Ne2 a6 12. Ng3 Ne8 13. Nh2 Bh4 14. Qf3 Nc7 15. Nf5 Bg5 16. Bxg5 hxg5 17. Ne3 g6 18. c3 Kg7 19. Nhf1 Rh8 20. Ng3 Ne6 21. Rad1 Nf4 22. d4 Qf6 23. dxe5 Nxh3+ 24. Kf1 Qxf3 25. gxf3 dxe5 26. Rd5 Nf4 27. Rd6 Be6 28. c4 Rh2 29. Red1 Rah8 30. Ke1 Nh3 31. R1d2 Ng1 32. Kd1 Nxf3 33. Re2 Nd4 0-1


[Site "https://www.chess.com"]